 Dungeon Crawl Stone Soup version 0.29.1-15-g9cfb28693d (webtiles) character file.

Game seed: 11170621945550781764

126 DemonSlayer the Digger (level 4, -4/31 HPs)
             Began as a Demonspawn Earth Elementalist on Feb 27, 2023.
             Slain by Crazy Yiuf
             ... wielding a +2 quarterstaff of chaos
              (9 damage)
             ... on level 2 of the Dungeon.
             The game lasted 00:04:53 (2547 turns).

DemonSlayer the Digger (DsEE)                       Turns: 2547, Time: 00:04:53

Health: -4/31      AC:  2    Str: 10    XL:     4   Next: 83%
Magic:  0/8        EV: 12    Int: 17    God:
Gold:   91         SH:  0    Dex: 13    Spells: 3/9 levels left

rFire   . . .      SeeInvis .   e - +2 sling (flame)
rCold   . . .      Faith    .   (no shield)
rNeg    . . .      Spirit   .   a - +0 robe
rPois   .          Reflect  .   (no helmet)
rElec   .          Harm     .   (no cloak)
rCorr   .          Rampage  .   (no gloves)
Will    .....                   (no boots)
Stlth   ++........              (no amulet)
HPRegen 0.10/turn               (no ring)
MPRegen 0.11/turn               (no ring)

@: no status effects
A: hooves 1, powered by death 1
a: no special abilities


You were on level 2 of the Dungeon.
You visited 1 branch of the dungeon, and saw 2 of its levels.

You collected 91 gold pieces.

Inventory:

Hand Weapons
 e - a +2 sling of flaming (weapon)
Armour
 a - a +0 robe (worn)
Scrolls
 b - a scroll of acquirement
 c - a scroll of teleportation {unknown}
 g - a scroll of fog {unknown}
 h - a scroll of amnesia {unknown}
 i - a scroll of noise {unknown}
Potions
 f - 3 potions of curing
 j - a potion of ambrosia {unknown}


   Skills:
 + Level 0.4 Fighting
 + Level 0.7 Polearms
 + Level 1.1 Ranged Weapons
 + Level 1.9 Dodging
 + Level 2.2 Stealth
 + Level 3.0 Spellcasting
 + Level 0.8 Transmutations
 + Level 3.7 Earth Magic


You had 3 spell levels left.
You knew the following spells:

 Your Spells              Type           Power      Damage    Failure   Level
a - Sandblast             Erth           30%        2d9       3%          1
b - Passwall              Tmut/Erth      8%         N/A       10%         2
c - Stone Arrow           Conj/Erth      16%        3d8       24%         3

Your spell library contained the following spells:

 Spells                   Type           Power      Damage    Failure   Level
 Sting                    Tmut/Pois      16%        1d3       14%         1
 Poisonous Vapours        Pois/Air       4%         N/A       26%         2
 Petrify                  Tmut/Erth      10%        N/A       54%         4
 Olgreb's Toxic Radiance  Pois           2%         N/A       86%         4


Dungeon Overview and Level Annotations

Branches:
Dungeon (2/15)

Altars:
Vehumet

Annotations:
D:2 Crazy Yiuf


Innate Abilities, Weirdness & Mutations

You have large cloven feet.
You regenerate a little health from kills.


Message History

You see here a +0 club.
Found a hammer.
Found a runed translucent door.
Crazy Yiuf shouts!
A quokka comes into view.
A quokka is nearby!
A quokka is nearby!
You shoot a sling bullet. The sling bullet hits the quokka.
The sling bullet burns the quokka.
The quokka is almost dead.
The blast of sand hits the quokka!
You kill the quokka!
You can't see any susceptible monsters within range! (Use Z to cast anyway.)
You can't see any susceptible monsters within range! (Use Z to cast anyway.)
You can't see any susceptible monsters within range! (Use Z to cast anyway.)
Things that are here:
a +0 club; a goblin skeleton
Things that are here:
a +0 club; a goblin skeleton
There is a stone staircase leading down here.
Could not explore, unopened runed door.
Could not explore, unopened runed door.
Could not explore, unopened runed door.
You open the door.
The blast of sand hits Crazy Yiuf but does no damage.
Crazy Yiuf barely misses you.
The blast of sand hits Crazy Yiuf.
Crazy Yiuf is lightly wounded.
Crazy Yiuf hits you with a +2 quarterstaff of chaos!
The blast of sand hits Crazy Yiuf but does no damage.
Crazy Yiuf is lightly wounded.
Crazy Yiuf hits you with a +2 quarterstaff of chaos.
Crazy Yiuf burns you.
Crazy Yiuf hits you with a +2 quarterstaff of chaos!
* * * LOW HITPOINT WARNING * * *
You feel your power leaking away.
As you read the scroll labelled TIFOFACZAN, it crumbles to dust.
It is a scroll of identify.
b - a scroll of acquirement Crazy Yiuf hits you with a +2 quarterstaff of chaos!
You die...

##..#.##########.#
#.###########.
##..#.########...###.#
#.....
##...................#
#.....
#.###################
#....( #.# #..... #.#
#..... #.#######♣♣ ###
###.## #.#.......♣♣
♣♣#..)# #.#
##.#.#......♣♣♣♣@g...#
#.#
.....##......♣..♣#...#
#.# ##.#####....♣.♣♣♣
### #.# ##.# ###♣♣♣♣♣
#.# ...# ####.# ##.#
### #....# #.# ##.#
#.#### #.###### #..#
#.# #......# #.## #.#


You could see Crazy Yiuf.

Vanquished Creatures
  Jessica (D:2)
  Robin (D:2)
  2 adders (D:2)
  A gnoll (D:1)
  A worm (D:2)
  2 dart slugs (D:2)
  A bat (D:2)
  5 endoplasms
  3 giant cockroaches
  11 goblins (D:2)
  9 hobgoblins
  4 quokkas
  A ball python (D:2)
  2 frilled lizards (D:1)
  4 kobolds
  2 rats
50 creatures vanquished.

Notes
Turn   | Place    | Note
-------+----------+-------------------------------------------
     0 | D:1      | DemonSlayer the Demonspawn Earth Elementalist began the
                  | quest for the Orb.
     0 | D:1      | Reached XP level 1. HP: 13/13 MP: 3/3
   445 | D:1      | Gained mutation: You regenerate a little health from kills.
                  | [demonic ancestry]
   445 | D:1      | Reached XP level 2. HP: 3/19 MP: 0/5
  1306 | D:1      | Learned a level 2 spell: Passwall
  1425 | D:2      | Noticed Jessica
  1428 | D:2      | Killed Jessica
  1429 | D:2      | Reached XP level 3. HP: 24/24 MP: 4/7
  1626 | D:2      | Gained mutation: You have large cloven feet. [demonic
                  | ancestry]
  1626 | D:2      | Reached XP level 4. HP: 24/30 MP: 4/8
  1637 | D:2      | Noticed Robin
  1646 | D:2      | Killed Robin
  1898 | D:2      | Learned a level 3 spell: Stone Arrow
  2225 | D:2      | Found a faded altar of an unknown god.
  2290 | D:2      | Found a radiant altar of Vehumet.
  2310 | D:2      | Reached skill level 1 in Ranged Weapons
  2389 | D:2      | Found a runed translucent door.
  2390 | D:2      | Noticed Crazy Yiuf
  2547 | D:2      | Identified a scroll of acquirement
  2547 | D:2      | Slain by Crazy Yiuf

Illustrated notes

Levels and vault maps discovered:
D:1:      minmay_arrival_glassed_features, layout_loops_ring, minmay_domino_2
D:2:      layout_loops_ring, basic_ecumenical_altar, basic_altar, uniq_robin,
          uniq_jessica, uniq_crazy_yiuf_cottage

Skill      XL: |  1  2  3  4 |
---------------+-------------+-----
Earth Magic    | 3 |  3.7
Stealth        | 2 |  2.2
Spellcasting   | 3 |  3.0
Ranged Weapons | 1 |  1.1
Fighting       | |  0.4
Polearms       | |  0.7
Dodging        | |  1.9
Transmutations | |  0.8

Action                   |  1- 3 |  4- 6 || total
-------------------------+-------+-------++-------
Melee: Spear             |     9 |    21 ||    30
       Kick              |       |     5 ||     5
 Fire: Sling             |       |    29 ||    29
 Cast: Sandblast         |    39 |    18 ||    57
       Passwall          |     2 |       ||     2
  Use: Potion            |     1 |     2 ||     3
       Scroll            |       |     1 ||     1
Armor: Robe              |     3 |     3 ||     6
Dodge: Dodged            |    13 |    25 ||    38
